 Dungeon Crawl Stone Soup version 0.20.1-1-g8b1a95d (webtiles) character file.

149 tof the Poker (level 5, 0/41 HPs)
             Began as a Demonspawn Berserker on July 3, 2017.
             Was a Believer of Trog.
             Slain by an orc wizard
             ... wielding a +0 dagger
              (1 damage)
             ... on level 3 of the Dungeon.
             The game lasted 00:04:06 (2993 turns).

tof the Poker (Demonspawn Berserker)                Turns: 2993, Time: 00:04:07

Health: 0/41       AC:  5    Str: 18    XL:     5   Next: 9%
Magic:  5/5        EV: 13    Int:  8    God:    Trog [**....]
Gold:   136        SH:  0    Dex: 13    Spells: 4/4 levels left

rFire    . . .     SeeInvis .   a - +0 spear
rCold    . . .     Gourm    .   (no shield)
rNeg     . . .     Faith    .   b - +0 animal skin
rPois    .         Spirit   .   (no helmet)
rElec    .         Reflect  .   (no cloak)
rCorr    .         Harm     .   m - +0 pair of gloves
MR       .....                  (no boots)
Stlth    +.........             (no amulet)
Regen    0.2/turn               (no ring)
MPRegen  0.1/turn               (no ring)

@: no status effects
A: iridescent scales 1, rot immunity
a: Berserk, Trog's Hand, Burn Spellbooks, Renounce Religion


You were on level 3 of the Dungeon.
You worshipped Trog.
Trog was pleased with you.
You were hungry.

You visited 1 branch of the dungeon, and saw 3 of its levels.

You collected 136 gold pieces.

Inventory:

Hand Weapons
 a - a +0 spear (weapon)
Armour
 b - a +0 animal skin (worn)
 m - a +0 pair of gloves (worn)
Jewellery
 j - a cursed amulet of inaccuracy {unknown}
Scrolls
 d - a scroll of blinking {unknown}
 f - a scroll of teleportation {unknown}
 g - a scroll of identify {unknown}
 h - a scroll of magic mapping {unknown}
 k - a scroll of random uselessness {unknown}
 n - a scroll of fog {unknown}
 q - a scroll of noise {unknown}
Potions
 e - 2 potions of flight {unknown}
 i - a potion of degeneration {unknown}
 l - a potion of ambrosia {unknown}
 o - a potion of curing {unknown}
Comestibles
 c - a bread ration
 p - a meat ration


   Skills:
 + Level 3.6 Fighting
 * Level 4.0 Polearms
 * Level 2.8 Armour
 + Level 2.4 Dodging


You had 4 spell levels left.
You didn't know any spells.

Dungeon Overview and Level Annotations

Branches:
Dungeon (3/15)

Altars:
Qazlal
Xom
Beogh


Innate Abilities, Weirdness & Mutations

You are partially covered in iridescent scales. (AC +2)
You are immune to rotting.


Message History

* * * LOW HITPOINT WARNING * * *
Something hits you but does no damage.
You hit something but do no damage. The orc priest completely misses you.
Something barely misses you.
You puncture something! The orc priest misses you.
You hear some strange, mumbled words.
A magic dart appears from out of thin air!
The magic dart hits you!
* * * LOW HITPOINT WARNING * * *
You closely miss something. You completely miss something.
The orc priest closely misses you. Something hits you but does no damage.
You hit something but do no damage. Something hits you but does no damage.
The orc priest miscasts a cantrip.
You hit something. Something hits you but does no damage.
The orc priest hits you but does no damage.
You miss something. Something hits you but does no damage.
The orc priest hits you but does no damage.
You closely miss something. Something hits you.
You die...

# #...# #....# #. # #...#
####.# ####### ##
#####...####### #.# #.....#
..............# ###.###.....#
..............# #...........#
......<.......# #...##......#
#####)..#####.####...##......#
#...# ###)##{....##.######
#####...###...oo@#..###.#
........).#.##'###..###.#
.##.#...#.###.. #......# #####
..........##.8. #......#
###.... ..........##.oo
######.# #......
....###...##.8o ######.#
#.#.##. ...........##$_
##...##.###.#.##.
..........#####
#.##..........##. .....##..##
#.# #.#####.###.####.


You could see an orc priest and an orc.

Vanquished Creatures
  An orc wizard (D:3)
  5 adders
  An ooze (D:1)
  3 worms (D:2)
  A dart slug (D:2)
  A leopard gecko (D:2)
  4 orcs (D:3)
  5 giant cockroaches
  5 goblins
  6 hobgoblins
  3 jackals (D:3)
  A quokka (D:2)
  4 bats
  7 frilled lizards
  5 kobolds
  4 rats
56 creatures vanquished.

Notes
Turn   | Place    | Note
-------+----------+-------------------------------------------
     0 | D:1      | tof the Demonspawn Berserker began the quest for the Orb.
     0 | D:1      | Reached XP level 1. HP: 18/18 MP: 1/1
   384 | D:1      | Reached skill level 3 in Polearms
   384 | D:1      | Gained mutation: You are partially covered in iridescent scales. (AC +2) [demonic ancestry]
   384 | D:1      | Reached XP level 2. HP: 24/24 MP: 2/2
   969 | D:2      | Reached XP level 3. HP: 19/29 MP: 3/3
  1160 | D:2      | Reached ** piety under Trog
  1572 | D:2      | Reached XP level 4. HP: 31/35 MP: 4/4
  1584 | D:2      | Found a shimmering altar of Xom.
  2193 | D:3      | HP: 1/35 [poisoned by an orc]
  2588 | D:3      | Found a stormy altar of Qazlal.
  2621 | D:3      | Gained mutation: You are immune to rotting. [demonic ancestry]
  2621 | D:3      | Reached XP level 5. HP: 31/41 MP: 5/5
  2644 | D:3      | Reached skill level 4 in Polearms
  2956 | D:3      | Found a roughly hewn altar of Beogh.
  2987 | D:3      | HP: 1/41 [something/magic dart (8)]
  2993 | D:3      | Slain by an orc wizard

Skill      XL: |  1  2  3  4  5 |
---------------+----------------+-----
Polearms       | 3 4 |  4.0
Armour         | 2 |  2.8
Dodging        | 2 |  2.4
Fighting       | |  3.6

Action                   |  1- 3 |  4- 6 || total
-------------------------+-------+-------++-------
Melee: Spear             |   130 |   140 ||   270
 Stab: Sleeping          |     1 |       ||     1
  Eat: Chunk             |     2 |     4 ||     6
Armor: Animal skin       |    20 |    46 ||    66
Dodge: Dodged            |    65 |    58 ||   123
